 Dungeon Crawl Stone Soup version 0.29.1-12-g30fa7ad0bf (webtiles) character file.

Game seed: 10654614486472883659

94 IcyTea the Firebug (level 4, -3/36 HPs)
             Began as a Naga Fire Elementalist on Dec 25, 2022.
             Was an Initiate of Cheibriados.
             Slain by an orc
             ... wielding a +0 hand axe
              (7 damage)
             ... on level 3 of the Dungeon.
             The game lasted 00:08:06 (3262 turns).

IcyTea the Firebug (Naga Fire Elementalist)         Turns: 3262, Time: 00:08:07

Health: -3/36      AC:  3    Str: 12    XL:     4   Next: 63%
Magic:  1/8        EV: 10    Int: 18    God:    Cheibriados [......]
Gold:   123        SH:  0    Dex: 12    Spells: 2/9 levels left

rFire   . . .      SeeInvis +   g - +0 short sword
rCold   . . .      Faith    .   (no shield)
rNeg    . . .      Spirit   .   a - +0 robe
rPois   +          Reflect  .   (no helmet)
rElec   .          Harm     .   i - +0 cloak
rCorr   .          Rampage  .   (no gloves)
Will    .....                   (no barding)
Stlth   ++........              (no amulet)
HPRegen 0.12/turn               (no ring)
MPRegen 0.11/turn               (no ring)

@: attractive, flying, very slow
A: AC +1, large, see invisible, deformed body, poison resistance, slowness 2,
spit poison 1, naga tail 1
a: Spit Poison, Renounce Religion


You were on level 3 of the Dungeon.
You worshipped Cheibriados.
Cheibriados was noncommittal.
You visited 1 branch of the dungeon, and saw 3 of its levels.

You collected 123 gold pieces.

Inventory:

Hand Weapons
 g - a +0 short sword (weapon)
Armour
 a - a +0 robe (worn)
 i - a +0 cloak (worn)
Wands
 o - a wand of mindburst (8)
Scrolls
 e - a scroll of torment {unknown}
 h - 2 scrolls of fog {unknown}
 j - a scroll of immolation {unknown}
 k - 2 scrolls of magic mapping {unknown}
 l - a scroll of noise {unknown}
 n - a scroll of silence {unknown}
 r - a scroll of blinking {unknown}
 s - a scroll of identify {unknown}
Potions
 b - a potion of magic
 c - a potion of curing
 d - a potion of flight
 m - a potion of might {unknown}
 p - a potion of berserk rage {unknown}
 q - a potion of cancellation {unknown}


   Skills:
 - Level 1.5 Dodging
 - Level 3.0 Stealth
 + Level 3.0 Spellcasting
 + Level 2.5 Conjurations
 + Level 3.8 Fire Magic


You had 2 spell levels left.
You knew the following spells:

 Your Spells              Type           Power      Damage    Failure   Level
a - Foxfire               Conj/Fire      56%        2x1d6     4%          1
b - Scorch                Fire           32%        2d6       4%          2
c - Flame Wave            Conj/Fire      14%        2d6       41%         4

Your spell library contained the following spells:

 Spells                   Type           Power      Damage    Failure   Level
 Shock                    Conj/Air       28%        1d4       10%         1
 Ensorcelled Hibernation  Hex/Ice        4%         N/A       24%         2
 Passwall                 Tmut/Erth      1%         N/A       24%         2
 Conjure Flame            Conj/Fire      14%        6-21      13%         3
 Inner Flame              Hex/Fire       9%         N/A       22%         3
 Swiftness                Air            2%         N/A       43%         3
 Airstrike                Air            1%         2d(1-17)  85%         4


Dungeon Overview and Level Annotations

Branches:
Dungeon (3/15)

Altars:
Cheibriados


Innate Abilities, Weirdness & Mutations

Your serpentine skin is tough. (AC +1)
You have supernaturally acute eyesight. (SInv)
Armour fits poorly on your strangely shaped body.
Your system is resistant to poisons. (rPois)
You cover ground very slowly.
You can spit poison.
You have a snake-like lower body.


Message History

The orc is severely wounded.
The orc's fire resistance burns away.
You hit the orc.
The orc is heavily wounded.
You closely miss the orc.
The orc is heavily wounded.
The orc closely misses you.
An orc comes into view. It is wielding a +0 hand axe.
You hit the orc.
The orc is severely wounded.
The orc barely misses you.
You hit the orc.
The orc is almost dead.
The orc is no longer more vulnerable to fire.
The orc hits you with a +0 short sword.
You hit the orc.
You kill the orc!
Cheibriados thoroughly appreciates the change of pace.
Your magical contamination has completely faded away.
Your Spellcasting skill increases to level 3!
You closely miss the orc.
The orc is heavily wounded.
The orc hits you with a +0 club.
* * * LOW HITPOINT WARNING * * *
You hit the orc.
The orc is almost dead.
The orc hits you with a +0 club.
* * * LOW HITPOINT WARNING * * *
You hit the orc.
You kill the orc!
Cheibriados appreciates the change of pace.
You hit the orc.
The orc is heavily wounded.
The orc hits you with a +0 hand axe.
* * * LOW HITPOINT WARNING * * *
The orc barely misses you.
It was a potion of attraction.
You feel attractive to monsters. The orc hits you with a +0 hand axe!
You die...

# #. . #.. ..
...#..#### ...
..l....<.######..##
...................
...... #...oo..o...
...... #..#o#..o..
......##J.#@# o..
......†.#.#.# .
####...†..#.#
#.....##.##
#.....#...#.#
#####.#._.#..
#.#...#.# #.##.##.#
#..#.#..#


You could see 3 orcs.

Vanquished Creatures
  4 adders
  A dart slug (D:2)
  2 orcs (D:3)
  4 ball pythons
  6 endoplasms
  A giant cockroach (D:2)
  3 goblins
  6 hobgoblins
  4 jackals (D:1)
  A quokka (D:2)
  8 bats
  4 frilled lizards
  3 kobolds
  5 rats
52 creatures vanquished.

Vanquished Creatures (others)
  29 foxfires (D:1)
29 creatures vanquished.

Grand Total: 81 creatures vanquished

Notes
Turn   | Place    | Note
-------+----------+-------------------------------------------
     0 | D:1      | IcyTea the Naga Fire Elementalist began the quest for the
                  | Orb.
     0 | D:1      | Reached XP level 1. HP: 15/15 MP: 3/3
   231 | D:1      | Reached XP level 2. HP: 22/22 MP: 3/5
   901 | D:1      | Learned a level 2 spell: Scorch
  1156 | D:1      | Reached XP level 3. HP: 10/28 MP: 0/6
  2430 | D:2      | Reached XP level 4. HP: 36/36 MP: 5/8
  2747 | D:2      | Learned a level 4 spell: Flame Wave
  3184 | D:3      | Found a snail-covered altar of Cheibriados.
  3192 | D:3      | Became a worshipper of Cheibriados the Contemplative
  3262 | D:3      | Slain by an orc

Illustrated notes

Levels and vault maps discovered:
D:1:      dpeg_arrival_fog, layout_basic, grunt_decor_clamped
D:2:      layout_basic, nicolae_elevator_lobby_asterisk
D:3:      layout_basic, mainiacjoe_overflow_surrounded_room

Skill      XL: |  1  2  3  4 |
---------------+-------------+-----
Conjurations   | 2 |  2.5
Spellcasting   | 3 |  3.0
Dodging        | |  1.5
Stealth        | |  3.0
Fire Magic     | |  3.8

Action                   |  1- 3 |  4- 6 || total
-------------------------+-------+-------++-------
Melee: Unarmed           |    22 |       ||    22
       Punch             |     1 |       ||     1
       Short sword       |    46 |    16 ||    62
       Club              |     9 |       ||     9
 Cast: Foxfire           |    23 |       ||    23
       Scorch            |    24 |    10 ||    34
  Use: Potion            |       |     4 ||     4
 Stab: Sleeping          |     1 |       ||     1
Armor: Robe              |    32 |     6 ||    38
Dodge: Dodged            |    57 |    14 ||    71
